 Dungeon Sprint DCSS version 0.26-a0-710-g95a0c6c400 (webtiles) character file.

Game seed: 9430050602227722625

47145 mhtbhm the Hoplite (level 14, -1/104 HPs)
             Began as a Gargoyle Fighter on Oct 30, 2020.
             Was the Champion of Okawaru.
             Killed from afar by a frost giant (61 damage)
             ... with a bolt of cold
             ... in the Dungeon (Sprint IX: "|||||||||||||||||||||||||||||").
             The game lasted 00:09:58 (4154 turns).

mhtbhm the Hoplite (Gargoyle Fighter)               Turns: 4154, Time: 00:09:59

Health: -1/104     AC: 39    Str: 29    XL:     14   Next: 40%
Magic:  15/15      EV: 10    Int: 15    God:    Okawaru [******]
Gold:   6          SH: 31    Dex:  9    Spells: 13/13 levels left

rFire    + + .     SeeInvis .   a - +10 morningstar of Disaster {venom, *Slow rPois rN++ Int+4}
rCold    . . .     Faith    .   c - +1 tower shield
rNeg     + + +     Spirit   .   b - +1 plate armour {rF+}
rPois    ∞         Reflect  +   p - +2 hat
rElec    +         Harm     .   q - +1 cloak
rCorr    .         Rampage  .   z - +1 pair of gloves {Str+3}
MR       +....     NoTele   +   o - +0 pair of boots
Stlth    ..........             B - amulet of reflection
HPRegen  0.27/turn              I - ring of protection from fire
MPRegen  0.14/turn              r - +3 ring of strength

@: no status effects
A: antennae 1, big wings, fangs 1, thin metallic scales 1, negative energy
resistance 1, electricity resistance, unbreathing, petrification resistance, rot
immunity, AC +10
a: Fly, Heroism, Finesse, Renounce Religion


You were in the Dungeon.
You worshipped Okawaru.
Okawaru was exalted by your worship.
You visited 1 branch You collected 1939 gold pieces.
You spent 1933 gold pieces at shops.

Inventory:

Hand Weapons
 a - the +10 morningstar of Disaster (weapon) {venom, *Slow rPois rN++ Int+4}
   (Okawaru gifted it to you in the Dungeon)

   It poisons the flesh of those it strikes.
   It affects your intelligence (+4).
   It protects you from poison.
   It greatly protects you from negative energy.
   It may slow you when you take damage.
 F - the +2 morningstar of Impatience {venom, *Noise +Rage rPois}
   (You found it in the Dungeon)

   It poisons the flesh of those it strikes.
   It protects you from poison.
   It lets you go berserk.
   It may make noises in combat.
Missiles
 g - 17 poisoned darts (quivered)
 E - 8 curare-tipped darts
Armour
 b - a +1 plate armour of fire resistance (worn)
 c - a +1 tower shield (worn)
 o - a +0 pair of boots (worn)
 p - a +2 hat (worn)
 q - a +1 cloak (worn)
 z - a +1 pair of gloves of strength (worn)
Jewellery
 r - a +3 ring of strength (right hand)
 B - an amulet of reflection (around neck)
 H - an uncursed ring of protection from magic
 I - a ring of protection from fire (left hand)
Wands
 n - a wand of iceblast (5)
 t - a wand of paralysis (8)
 u - a wand of digging (5)
Scrolls
 j - 3 scrolls of blinking
 l - 4 scrolls of remove curse
 m - 2 scrolls of amnesia
 v - 2 scrolls of enchant armour
 w - 6 scrolls of fog
 x - 8 scrolls of identify
 D - a scroll of immolation
Potions
 d - 2 potions of might
 e - 8 potions of curing
 f - 9 potions of heal wounds
 h - 4 potions of magic
 i - a potion of berserk rage
 k - 2 potions of invisibility
 s - a potion of stabbing
 C - 4 potions of haste


   Skills:
 + Level 18.5 Fighting
 + Level 20.0 Maces & Flails
 + Level 15.5 Armour
 + Level 6.4 Dodging
 + Level 3.4 Stealth
 + Level 22.0 Shields
 + Level 2.6 Invocations
 + Level 6.9 Evocations


You had 13 spell levels left.
You didn't know any spells.
Your spell library was empty.

Dungeon Overview and Level Annotations

Branches:
Dungeon (1/1)

Altars:
Cheibriados
Dithmenos
Elyvilon
Fedhas
Gozag
Hepliaklqana
Kikubaaqudgha
Makhleb
Nemelex Xobeh
Okawaru
Qazlal
Ru
Sif Muna
Trog
Uskayaw
Vehumet
Wu Jian
Xom
Yredelemnul
Zin
The Shining One
Beogh
Jiyva
Lugonu

Shops:
D =![?


Innate Abilities, Weirdness & Mutations

You are resistant to torment.
Your stone body is resilient. (AC +10)
You are immune to poison.
Your large and strong wings let you fly indefinitely.
You resist negative energy. (rN+)
You are resistant to electric shocks. (rElec)
You can survive without breathing.
You are immune to petrification.
You are immune to rotting.
You have a pair of small antennae on your head.
You have very sharp teeth.
You are partially covered in thin metallic scales. (AC +2)


Message History

The bolt of cold misses you.
You hit the frost giant.
The frost giant is heavily wounded.
You block the frost giant's attack.
You hit the frost giant but do no damage.
The frost giant is heavily wounded.
You thump the frost giant!
The frost giant looks as sick as possible!
You bite the frost giant.
The frost giant is heavily wounded.
The frost giant gestures at you while chanting.
The bolt of cold hits you.
You hit the frost giant.
The frost giant looks as sick as possible!
You bite the frost giant.
The frost giant is severely wounded.
The frost giant points at you and mumbles some strange words.
The bolt of cold hits you!!!
Ouch! That really hurt!
You die...

.▓'▓.▓.▓.▓.▓.▓(▓.▓{▓,*,*,*+*,*,*,
.▓.▓.▓.▓.▓.▓.▓.▓.▓{▓,*,*,*,*,*,*,
.▓.▓.▓.▓.▓'▓.▓.▓.▓.▓,*,*,*,*,*,*,
.▓.▓.▓.▓.▓.▓.▓.▓.▓.▓,*,*,*,*,*+*,
.▓.▓.▓.▓.▓.▓.▓.▓.▓.▓,*,*,*,*,*,*,
.▓.▓.▓.▓)▓.▓.▓.▓.▓.▓,*+*,*,*,*,*,
.▓.▓.▓)▓†▓=▓.▓.▓.▓{▓,*,*,*,*,*,*,
.▓.▓.▓)▓.▓.▓.▓.▓C▓.▓,*,*,*,*,*,*,
.▓.▓.▓)▓.▓)▓.▓'▓@▓{▓,*,*,*,*,*,*,
.▓.▓.▓†▓.▓)▓.▓)▓.▓{▓,*,*,*,*,*,*,
.▓.▓.▓)▓.▓)▓.▓)▓.▓'▓,*,*,*,*,*,*,
.▓.▓.▓)▓.▓)▓.▓)▓)▓[▓,*,*,*,*,*,*,
.▓.▓.▓)▓.▓)▓.▓)▓[▓)▓,*,*,*,*,*,*,
.▓.▓.▓)▓.▓)▓.▓.▓.▓§▓,*,*,*,*,*,*,
.▓÷▓.▓.▓.▓)▓.▓.▓.▓.▓,*,*,*+*,*,*,
.▓†▓.▓.▓)▓)▓.▓.▓.▓.▓,*,*,*,*,*,*,
.▓÷▓.▓.▓.▓.▓.▓.▓.▓.▓,*,*,*,*,*,*,


You could see a frost giant (extremely poisoned).

Vanquished Creatures
  Agnes (D)
  A tengu reaver (D)
  A fire giant (D)
  A ghost moth (D)
  Aizul (D)
  2 stone giants (D)
  An entropy weaver (D)
  Nessos (D)
  An ettin (D)
  2 ogre magi (D)
  A great orb of eyes (D)
  A hydra (D)
  A naga warrior (D)
  A boulder beetle (D)
  3 ice dragons (D)
  A catoblepas (D)
  4 centaur warriors (D)
  3 alligators (D)
  A tengu warrior (D)
  2 death yaks (D)
  A naga sharpshooter (D)
  A deep troll earth mage (D)
  2 shock serpents (D)
  An iron troll (D)
  6 deep trolls (D)
  A glowing orange brain (D)
  A swamp dragon (D)
  A sea snake (D)
  A lindwurm (shapeshifter) (D)
  A mana viper (D)
  An orc knight (D)
  2 wolf spiders (D)
  An ugly thing (D)
  3 manticores (D)
  2 cyclopes (D)
  2 merfolk sirens (D)
  2 naga magi (D)
  3 black mambas (D)
  3 cane toads (D)
  A gargoyle (D)
  A komodo dragon (D)
  A demonic crawler (D)
  5 trolls (D)
  A jumping spider (D)
  A bog body (D)
  A wind drake (D)
  A tyrant leech (D)
  3 snapping turtles (D)
  2 redbacks (D)
  A wyvern (D)
  Grum (D)
  Eustachio (D)
  6 yaks (D)
  2 basilisks (D)
  A vampire mosquito (D)
  A steam dragon (D)
  A naga (D)
  4 water moccasins (D)
  12 orc warriors (D)
  A sky beast (D)
  3 wolves (D)
  6 bullfrogs (D)
  A scorpion (D)
  A quasit (D)
  2 orc priests (D)
  A hound (D)
  2 orc wizards (D)
  2 worker ants (D)
  2 shadow imps (D)
  An ooze (D)
  An adder zombie (D)
  2 leopard geckos (D)
  10 orcs (D)
  A hobgoblin (D)
  A kobold (D)
  A frilled lizard (D)
  A rat (D)
151 creatures vanquished.

Vanquished Creatures (others)
  An ogre mage (D)
  Sonja (D)
2 creatures vanquished.

Grand Total: 153 creatures vanquished

Notes
Turn   | Place    | Note
-------+----------+-------------------------------------------
     0 | D        | mhtbhm the Gargoyle Fighter began the quest for the Orb.
     0 | D        | Reached XP level 1. HP: 14/14 MP: 1/1
    12 | D        | Reached skill level 4 in Shields
    19 | D        | Noticed a hound
    19 | D        | Noticed a worker ant
    20 | D        | Reached XP level 2. HP: 20/20 MP: 2/2
    22 | D        | Banished a spatial maelstrom
    35 | D        | Reached skill level 5 in Fighting
    35 | D        | Reached skill level 5 in Armour
    35 | D        | Reached skill level 5 in Shields
    35 | D        | Reached XP level 3. HP: 19/26 MP: 3/3
    44 | D        | Reached XP level 4. HP: 16/31 MP: 4/4
    50 | D        | Found a roughly hewn altar of Beogh.
    50 | D        | Found a snail-covered altar of Cheibriados.
    50 | D        | Found a shadowy altar of Dithmenos.
    50 | D        | Found a white marble altar of Elyvilon.
    50 | D        | Found a blossoming altar of Fedhas.
    50 | D        | Found an opulent altar of Gozag.
    51 | D        | Found a hazy altar of Hepliaklqana.
    52 | D        | Found a viscous altar of Jiyva.
    53 | D        | Found an ancient bone altar of Kikubaaqudgha.
    54 | D        | Found a corrupted altar of Lugonu.
    55 | D        | Found a burning altar of Makhleb.
    56 | D        | Found a sparkling altar of Nemelex Xobeh.
    57 | D        | Found an iron altar of Okawaru.
    58 | D        | Found a stormy altar of Qazlal.
    59 | D        | Found a sacrificial altar of Ru.
    60 | D        | Found a shimmering blue altar of Sif Muna.
    61 | D        | Found a bloodstained altar of Trog.
    62 | D        | Found a hide-covered altar of Uskayaw.
    63 | D        | Found a radiant altar of Vehumet.
    64 | D        | Found an ornate altar of the Wu Jian Council.
    65 | D        | Found a shimmering altar of Xom.
    66 | D        | Found a basalt altar of Yredelemnul.
    73 | D        | Became a worshipper of Warmaster Okawaru
    76 | D        | Found a glowing silver altar of Zin.
    77 | D        | Found a glowing golden altar of the Shining One.
    94 | D        | Got the +2 morningstar of Impatience {venom, *Noise +Rage
                  | rPois}
   191 | D        | Noticed an orc warrior
   191 | D        | Noticed a sky beast
   201 | D        | Reached skill level 6 in Shields
   204 | D        | Killed an orc warrior
   204 | D        | Reached skill level 5 in Maces & Flails
   204 | D        | Reached skill level 1 in Dodging
   204 | D        | Reached skill level 7 in Shields
   204 | D        | Reached XP level 5. HP: 37/37 MP: 5/5
   218 | D        | Killed a sky beast
   218 | D        | Reached * piety under Okawaru
   218 | D        | Reached skill level 1 in Evocations
   218 | D        | Reached XP level 6. HP: 37/44 MP: 6/6
   288 | D        | Noticed a manticore
   288 | D        | Noticed a centaur warrior
   288 | D        | Noticed a cyclops
   300 | D        | Killed a manticore
   300 | D        | Reached ** piety under Okawaru
   300 | D        | Reached skill level 9 in Shields
   300 | D        | Reached XP level 7. HP: 37/49 MP: 7/7
   304 | D        | HP: 3/73 [centaur warrior (3)]
   305 | D        | Killed a centaur warrior
   305 | D        | Reached *** piety under Okawaru
   305 | D        | Reached skill level 10 in Maces & Flails
   305 | D        | Reached skill level 10 in Shields
   305 | D        | Reached XP level 8. HP: 3/56 MP: 8/8
   603 | D        | Killed a cyclops
   603 | D        | Reached **** piety under Okawaru
   603 | D        | Reached XP level 9. HP: 61/61 MP: 6/9
   764 | D        | Gained mutation: Your magical capacity is low. (-10% MP)
                  | [potion of mutation]
   764 | D        | Gained mutation: Your muscles are strong. (Str +2) [potion
                  | of mutation]
   764 | D        | Gained mutation: You are somewhat resistant to further
                  | mutation. [potion of mutation]
   765 | D        | Noticed a komodo dragon
   769 | D        | Noticed a black mamba
   769 | D        | Noticed a cane toad
   770 | D        | Reached skill level 10 in Armour
   775 | D        | Reached skill level 11 in Shields
   785 | D        | Killed a komodo dragon
   785 | D        | Reached skill level 1 in Invocations
   788 | D        | Reached skill level 10 in Fighting
   792 | D        | Killed a black mamba
   792 | D        | Reached ***** piety under Okawaru
  1080 | D        | Killed a cane toad
  1128 | D        | Noticed a black mamba
  1133 | D        | Killed a black mamba
  1133 | D        | Reached skill level 5 in Evocations
  1133 | D        | Reached XP level 10. HP: 68/68 MP: 9/9
  1142 | D        | Noticed a cane toad
  1161 | D        | Reached skill level 12 in Shields
  1176 | D        | Killed a cane toad
  1227 | D        | Noticed a death yak
  1227 | D        | Noticed a catoblepas
  1229 | D        | Noticed a death yak
  1237 | D        | Killed a death yak
  1237 | D        | Received a gift from Okawaru
  1247 | D        | Killed a catoblepas
  1262 | D        | Killed a death yak
  1262 | D        | Reached skill level 15 in Maces & Flails
  1262 | D        | Reached skill level 1 in Stealth
  1442 | D        | Reached XP level 11. HP: 74/75 MP: 11/11
  1444 | D        | Reached skill level 13 in Shields
  1706 | D        | Noticed an orc knight
  1737 | D        | Killed an orc knight
  1879 | D        | Found Anoubuh's Jewellery Emporium.
  1879 | D        | Noticed an iron troll
  1879 | D        | Noticed a deep troll
  1879 | D        | Noticed a deep troll
  1879 | D        | Noticed a deep troll
  1881 | D        | Noticed an ogre mage
  1891 | D        | Killed an iron troll
  1891 | D        | Received a gift from Okawaru
  1891 | D        | Reached skill level 5 in Dodging
  1894 | D        | Killed a deep troll
  1899 | D        | Killed a deep troll
  1900 | D        | Found Abbet's Distillery.
  1903 | D        | Killed a deep troll
  1911 | D        | Noticed a deep troll
  1912 | D        | Killed an ogre mage
  1912 | D        | Reached skill level 14 in Shields
  1914 | D        | Noticed a deep troll
  1919 | D        | Killed a deep troll
  1920 | D        | Noticed an ogre mage
  1928 | D        | Killed a deep troll
  1928 | D        | Reached XP level 12. HP: 40/84 MP: 12/12
  1947 | D        | Killed an ogre mage
  1947 | D        | Reached ****** piety under Okawaru
  1967 | D        | Found Jinon's Antique Armour Emporium.
  1971 | D        | Found Moxzan's Magic Scroll Shoppe.
  2014 | D        | Bought a scroll of identify for 24 gold pieces
  2014 | D        | Bought 2 scrolls of blinking for 180 gold pieces
  2014 | D        | Bought a scroll of magic mapping for 42 gold pieces
  2022 | D        | Bought an uncursed amulet of reflection for 330 gold pieces
  2029 | D        | Bought a potion of curing for 33 gold pieces
  2029 | D        | Bought a potion of haste for 110 gold pieces
  2029 | D        | Bought a potion of invisibility for 88 gold pieces
  2029 | D        | Bought a potion of might for 44 gold pieces
  2029 | D        | Bought a potion of haste for 110 gold pieces
  2029 | D        | Bought a potion of haste for 110 gold pieces
  2037 | D        | Bought a runed plate armour for 676 gold pieces
  2044 | D        | Bought 3 scrolls of fog for 72 gold pieces
  2044 | D        | Bought a scroll of identify for 24 gold pieces
  2044 | D        | Bought a scroll of identify for 24 gold pieces
  2044 | D        | Bought a scroll of immolation for 42 gold pieces
  2044 | D        | Bought a scroll of fog for 24 gold pieces
  2230 | D        | Noticed Eustachio
  2242 | D        | Killed Eustachio
  2257 | D        | Noticed Sonja
  2272 | D        | Killed Sonja
  2273 | D        | Noticed Grum
  2279 | D        | Received a gift from Okawaru
  2291 | D        | Killed Grum
  2308 | D        | Got a crystal morningstar {god gift}
  2309 | D        | Identified the +10 morningstar of Disaster {venom, *Slow
                  | rPois rN++ Int+4} (Okawaru gifted it to you in the Dungeon)
  2457 | D        | Lost mutation: Your magical capacity is low. (-10% MP)
                  | [potion of mutation]
  2457 | D        | Lost mutation: You are somewhat resistant to further
                  | mutation. [potion of mutation]
  2457 | D        | Lost mutation: Your muscles are strong. (Str +2) [potion of
                  | mutation]
  2457 | D        | Gained mutation: You have a pair of small antennae on your
                  | head. [potion of mutation]
  2457 | D        | Gained mutation: You have very sharp teeth. [potion of
                  | mutation]
  2457 | D        | Gained mutation: You are partially covered in thin metallic
                  | scales. (AC +2) [potion of mutation]
  2470 | D        | Noticed a centaur warrior
  2470 | D        | Noticed a tengu warrior
  2471 | D        | Noticed a centaur warrior
  2476 | D        | Killed a centaur warrior
  2483 | D        | Killed a tengu warrior
  2483 | D        | Reached skill level 15 in Shields
  2484 | D        | Noticed a centaur warrior
  2494 | D        | Noticed an ice dragon
  2498 | D        | Noticed a stone giant
  2502 | D        | Killed a centaur warrior
  2503 | D        | Noticed a deep troll earth mage
  2507 | D        | Killed a centaur warrior
  2512 | D        | Killed an ice dragon
  2523 | D        | Killed a stone giant
  2523 | D        | Reached skill level 15 in Fighting
  2523 | D        | Reached skill level 16 in Shields
  2534 | D        | Received a gift from Okawaru
  2546 | D        | Killed a deep troll earth mage
  2800 | D        | Noticed a shock serpent
  2800 | D        | Noticed a naga sharpshooter
  2801 | D        | Noticed a shock serpent
  2805 | D        | Reached XP level 13. HP: 92/92 MP: 14/14
  2810 | D        | Reached skill level 17 in Shields
  2969 | D        | Reached skill level 18 in Shields
  3081 | D        | Reached skill level 19 in Shields
  3098 | D        | Noticed an entropy weaver
  3117 | D        | Killed a ghost moth
  3117 | D        | Received a gift from Okawaru
  3124 | D        | Killed an entropy weaver
  3124 | D        | Reached skill level 15 in Armour
  3127 | D        | Reached skill level 20 in Shields
  3261 | D        | Noticed Aizul
  3263 | D        | Noticed Nessos
  3263 | D        | Noticed Agnes
  3270 | D        | Killed Nessos
  3272 | D        | Killed Aizul
  3272 | D        | Gained mutation: Your large and strong wings let you fly
                  | indefinitely. [Gargoyle growth]
  3272 | D        | Reached XP level 14. HP: 104/104 MP: 15/15
  3280 | D        | Killed Agnes
  3368 | D        | Noticed a stone giant
  3369 | D        | Noticed a tengu reaver
  3380 | D        | Reached skill level 21 in Shields
  3381 | D        | Noticed a fire giant
  3389 | D        | HP: 5/104 [ice dragon/blast of cold (24)]
  3390 | D        | Noticed a frost giant
  3390 | D        | HP: 1/104 [ice dragon (4)]
  3881 | D        | Killed a stone giant
  4123 | D        | Killed a fire giant
  4141 | D        | Killed a tengu reaver
  4141 | D        | Received a gift from Okawaru
  4141 | D        | Reached skill level 22 in Shields
  4154 | D        | Killed from afar by a frost giant

Illustrated notes

Levels and vault maps discovered:
D:        linesprint [early_d, line_temple, items_1, d_10, items_2, lair_1,
          lair_end, items_3, orc_1, orc_end, items_4, d_15, swamp_1, shoals_1,
          snake_1, spider_1, d_20, vaults_1, items_5, swamp_end, shoals_end,
          snake_end, spider_end, vaults_end, d_27, items_6, zot_1, zot_end,
          crypt_end, forest_end, elf_end, slime_end, tomb_end, abyss_end,
          pan_hell_end]

Skill      XL: |  1  2  3  4  5  6  7  8  9 10 11 12 13 14 |
---------------+-------------------------------------------+-----
Fighting       | 4 5 6 7 8 9 10 11 13 15 18 | 18.5
Shields        | 4 5 7 9 10 11 12 14 16 20 22 | 22.0
Armour         | 4 5 6 7 8 9 11 12 13 14 15 | 15.5
Maces & Flails | 3 5 6 8 10 11 13 15 17 18 19 20 | 20.0
Dodging        | 1 2 3 4 5 6 |  6.4
Evocations     | 1 2 3 5 6 |  6.9
Invocations    | 1 2 |  2.6
Stealth        | 2 3 |  3.4

Action                   |  1- 3 |  4- 6 |  7- 9 | 10-12 | 13-15 || total
-------------------------+-------+-------+-------+-------+-------++-------
Melee: Flail             |    33 |       |       |       |       ||    33
       Morningstar       |       |    44 |    57 |   335 |   219 ||   655
       Bite              |       |       |       |    11 |    36 ||    47
Invok: Heroism           |       |       |     2 |     1 |     1 ||     4
 Abil: Evoke Berserk Rag |       |     2 |     1 |     2 |       ||     5
Evoke: Wand              |       |       |       |     7 |       ||     7
  Use: Potion            |       |       |     2 |     1 |       ||     3
       Scroll            |       |       |       |       |     3 ||     3
 Stab: Petrified         |       |       |       |     4 |       ||     4
Armor: Scale mail        |    10 |       |       |       |       ||    10
       Chain mail        |       |    36 |    15 |    67 |       ||   118
       Plate armour      |       |       |       |    16 |    89 ||   105
Dodge: Dodged            |     8 |     7 |    11 |    49 |    23 ||    98
Block: Kite shield       |    17 |    28 |    27 |   119 |       ||   191
       Tower shield      |       |       |       |    67 |   221 ||   288
       Reflection        |       |       |       |    12 |    15 ||    27

Table legend: (Time is in decaauts)
 A = Elapsed time spent in this place.
 B = Non-inter-level travel time spent in this place.
 C = Inter-level travel time spent in this place.
 D = Time resting spent in this place.
 E = Time spent auto-exploring this place.
 F = Levels seen in this place.
 G = Mean time per level.
                   A        B        C        D        E       F      G
               +--------+--------+--------+--------+--------+-----+--------+
         Total |   4044 |   4044 |      0 |   1663 |    511 |   1 | 4044.0 |
       Dungeon |   4044 |   4044 |      0 |   1663 |    511 |   1 | 4044.0 |
               +--------+--------+--------+--------+--------+-----+--------+

Top non-repeatable levels by time:
       D: 4044 daAuts
